 Dungeon Sprint DCSS version 0.29.1-12-g30fa7ad0bf (webtiles) character file.

Game seed: 16595075016695001739

2089 Groucho the Unseen (level 9, 0/39 HPs)
             Began as a Spriggan Enchanter on Jan 8, 2023.
             Was an Initiate of Dithmenos.
             Slain by a polar bear (10 damage)
             ... in the Dungeon (Sprint II: "The Violet Keep of Menkaure").
             The game lasted 00:06:46 (571 turns).

Groucho the Unseen (Spriggan Enchanter)              Turns: 571, Time: 00:06:47

Health: 0/39       AC:  3    Str:  8    XL:     9   Next: 6%
Magic:  23/26      EV: 17    Int: 17    God:    Dithmenos [......]
Gold:   29         SH:  0    Dex: 15    Spells: 15/32 levels left

rFire   + . .      SeeInvis +   k - staff of earth
rCold   . . .      Faith    .   (shield currently unavailable)
rNeg    . . .      Spirit   .   b - +0 robe
rPois   .          Reflect  .   j - +1 hat
rElec   .          Harm     .   (no cloak)
rCorr   .          Rampage  .   (gloves unavailable)
Will    +....      NoTele   +   (boots unavailable)
Stlth   ++++++....              (no amulet)
HPRegen 0.13/turn               c - ring of flight
MPRegen 0.20/turn               f - ring of protection from fire

@: confusing by touch, flying, very quick
A: very small, no large weapons, unfitting armour, see invisible, speed 3
a: Renounce Religion


You were in the Dungeon.
You worshipped Dithmenos.
Dithmenos was noncommittal.
You visited 1 branch You collected 972 gold pieces.
You spent 943 gold pieces at shops.

Inventory:

Hand Weapons
 a - a +1 dagger
Armour
 b - a +0 robe (worn)
 j - a +1 hat (worn)
Magical Staves
 k - a staff of earth (weapon)
Jewellery
 c - a ring of flight (left hand)
 f - a ring of protection from fire (right hand)
Scrolls
 i - a scroll of blinking
Potions
 d - a potion of curing
 g - 2 potions of magic
 h - a potion of berserk rage


   Skills:
 - Level 10.0 Short Blades
 + Level 2.6 Dodging
 - Level 17.0 Stealth
 - Level 12.0 Spellcasting
 * Level 0.0 Conjurations
 + Level 13.9 Hexes
 * Level 0.0 Earth Magic


You had 15 spell levels left.
You knew the following spells:

 Your Spells              Type           Power      Damage    Failure   Level
a - Ensorcelled Hibernat  Hex/Ice        66%        N/A       1%          2
b - Confusing Touch       Hex            55%        N/A       1%          3
c - Dazzling Flash        Conj/Hex       66%        N/A       1%          3
d - Tukima's Dance        Hex            55%        N/A       1%          3
e - Sandblast             Erth           30%        2d9       7%          1
f - Passwall              Tmut/Erth      12%        N/A       11%         2
g - Stone Arrow           Conj/Erth      30%        3d8       21%         3

Your spell library contained the following spells:

 Spells                   Type           Power      Damage    Failure   Level


Dungeon Overview and Level Annotations

Branches:
Dungeon (1/1)

Altars:
Cheibriados
Dithmenos
Elyvilon
Fedhas
Gozag
Hepliaklqana
Kikubaaqudgha
Makhleb
Nemelex Xobeh
Okawaru
Qazlal
Ru
Sif Muna
Trog
Uskayaw
Vehumet
Wu Jian
Xom
Yredelemnul
Zin
The Shining One
Jiyva
Lugonu

Shops:
D :!*?==:!(*[!=*[

Annotations:
D exclusions: oklob plant and orange crystal statue


Innate Abilities, Weirdness & Mutations

You are very small and have problems with some larger weapons.
You are too small for most types of armour.
You have supernaturally acute eyesight. (SInv)
You cover ground extremely quickly. (Speed+++)


Message History

The helpless polar bear fails to defend itself.
You hit the polar bear.
The polar bear is lightly wounded.
The polar bear bites you. The polar bear closely misses you.
The polar bear misses you.
The polar bear growls angrily.
The hornet buzzes angrily.
You hear an angry growl.
Casting: Passwall (safe; 11% risk of failure)
Confirm with . or Enter, or press ? or * to list all spells.
Your hands begin to glow red.
The polar bear bites you! The polar bear barely misses you.
The polar bear misses you.
You hit the polar bear but do no damage.
The polar bear is lightly wounded.
The polar bear barely misses you. x2; The polar bear claws you.
You hit the polar bear but do no damage.
The polar bear is lightly wounded.
The polar bear closely misses you.
The polar bear claws you but does no damage.
The polar bear closely misses you.
You hit the polar bear but do no damage.
The polar bear is lightly wounded.
The polar bear barely misses you. x2; The polar bear claws you.
You are too injured to fight recklessly!
You are too injured to fight recklessly!
You are too injured to fight recklessly!
You barely miss the polar bear.
The polar bear is lightly wounded.
The polar bear bites you!
* * * LOW HITPOINT WARNING * * *
The polar bear claws you but does no damage.
The polar bear misses you.
You feel much better. The polar bear closely misses you.
The polar bear barely misses you. x2
You hit the polar bear but do no damage.
The polar bear is lightly wounded.
The polar bear bites you! The polar bear claws you.
* * * LOW HITPOINT WARNING * * *
The polar bear claws you but does no damage.
The polar bear bites you!
You die... +## #.## ### #..# ..# ### $ #.####..## #. ##$# $$$![

'###.##..# +..#hc#▓?[)[!
.###..#..# #..#.h#▓$$?$$
<.'.##'..####..##h#▓)!?!!
.###..#....###..@##▓▓▓▓▓▓▓
'###.##...§..§~~~~~~~~~~~~
#.####~~.§.§.§#+########+##
##.#~~~~~§~.§§#..._._._#~~~
.###~~~~~~~~.~#_._._._.#~§≈
+##~~~≈≈≈§~~~~#._._._._#~~§
~~~~~~§≈≈≈≈§~~#_._._._.#~§S
#+++#~≈§≈§§≈≈~#._._._..#§~~
##§§§###≈≈#_._._...#§S§


You could see 2 polar bears and a yaktaur.

Vanquished Creatures
  2 boulder beetles (D)
  4 neqoxecs (D)
  Menkaure (D)
  4 scorpions (D)
  3 worms (D)
14 creatures vanquished.

Vanquished Creatures (others)
  A water moccasin (D)
1 creature vanquished.

Grand Total: 15 creatures vanquished

Notes
Turn   | Place    | Note
-------+----------+-------------------------------------------
     0 | D        | Groucho the Spriggan Enchanter began the quest for the Orb.
     0 | D        | Reached XP level 1. HP: 9/9 MP: 5/5
     6 | D        | Noticed a boulder beetle
     6 | D        | Noticed a boulder beetle
     9 | D        | Noticed a scorpion
     9 | D        | Noticed a scorpion
    11 | D        | Noticed a scorpion
    11 | D        | Noticed a scorpion
    13 | D        | Killed a scorpion
    14 | D        | Reached skill level 8 in Stealth
    14 | D        | Reached skill level 5 in Hexes
    14 | D        | Reached XP level 2. HP: 7/13 MP: 5/8
    14 | D        | Reached XP level 3. HP: 9/16 MP: 6/10
    15 | D        | Killed a scorpion
    16 | D        | Reached skill level 10 in Stealth
    16 | D        | Reached skill level 5 in Spellcasting
    16 | D        | Reached XP level 4. HP: 12/21 MP: 6/12
    16 | D        | Killed a scorpion
    17 | D        | Reached skill level 5 in Short Blades
    17 | D        | Reached skill level 11 in Stealth
    17 | D        | Reached XP level 5. HP: 14/24 MP: 6/14
    20 | D        | Reached skill level 12 in Stealth
    41 | D        | Noticed a neqoxec
    41 | D        | Noticed a neqoxec
    41 | D        | Noticed a neqoxec
    41 | D        | Noticed a neqoxec
    43 | D        | Killed a neqoxec
    44 | D        | Reached skill level 14 in Stealth
    44 | D        | Reached XP level 6. HP: 17/28 MP: 7/17
    45 | D        | Killed a neqoxec
    47 | D        | Killed a neqoxec
    48 | D        | Reached skill level 15 in Stealth
    48 | D        | Reached XP level 7. HP: 20/32 MP: 8/20
    49 | D        | Killed a neqoxec
    50 | D        | Reached skill level 16 in Stealth
    58 | D        | Killed a boulder beetle
    59 | D        | Reached skill level 17 in Stealth
    59 | D        | Reached skill level 10 in Hexes
    59 | D        | Reached XP level 8. HP: 23/36 MP: 8/24
    61 | D        | Killed a boulder beetle
    62 | D        | Reached skill level 10 in Short Blades
    62 | D        | Reached XP level 9. HP: 25/39 MP: 9/26
    73 | D        | Learned a level 2 spell: Ensorcelled Hibernation
    77 | D        | Learned a level 3 spell: Confusing Touch
    81 | D        | Learned a level 3 spell: Dazzling Flash
    85 | D        | Learned a level 3 spell: Tukima's Dance
    85 | D        | Found Jirov's Book Shoppe.
    85 | D        | Found Qoxamu's Antique Armour Shoppe.
    85 | D        | Found Juri Baa's Jewellery Shoppe.
    85 | D        | Found Qagighun's Jewellery Emporium.
    85 | D        | Found Enticzag's Antique Armour Shoppe.
    85 | D        | Found Mefirr's General Store.
    86 | D        | Found Gosaoz's Assorted Antiques.
    86 | D        | Found Qofammem's Antique Weapon Shoppe.
    86 | D        | Found Kuig's Distillery.
    86 | D        | Found Kaxaf's Magic Scroll Shoppe.
    87 | D        | Found Vigynuarr's Assorted Antiques.
    87 | D        | Found Cotsidgh's Distillery.
    87 | D        | Found Coypp's Jewellery Emporium.
    87 | D        | Found Adaa's Distillery.
    87 | D        | Noticed Menkaure
   112 | D        | Killed Menkaure
   417 | D        | Noticed an oklob plant
   418 | D        | Found Roypt's Book Shoppe.
   426 | D        | Noticed a cane toad
   450 | D        | Bought a book of Geomancy for 198 gold pieces
   459 | D        | Bought a ring of flight for 210 gold pieces
   463 | D        | Learned a level 1 spell: Sandblast
   466 | D        | Learned a level 2 spell: Passwall
   470 | D        | Learned a level 3 spell: Stone Arrow
   474 | D        | Bought a ring of protection from fire for 325 gold pieces
   478 | D        | Bought an embroidered hat for 210 gold pieces
   512 | D        | Noticed an orange crystal statue
   515 | D        | Found a hazy altar of Hepliaklqana.
   523 | D        | Found a snail-covered altar of Cheibriados.
   523 | D        | Found a stormy altar of Qazlal.
   523 | D        | Found a viscous altar of Jiyva.
   523 | D        | Found a sacrificial altar of Ru.
   523 | D        | Found an ancient bone altar of Kikubaaqudgha.
   523 | D        | Found an ornate altar of the Wu Jian Council.
   523 | D        | Found a shimmering blue altar of Sif Muna.
   523 | D        | Found a shimmering altar of Xom.
   523 | D        | Found a bloodstained altar of Trog.
   523 | D        | Found a basalt altar of Yredelemnul.
   524 | D        | Found a shadowy altar of Dithmenos.
   524 | D        | Found a corrupted altar of Lugonu.
   524 | D        | Found a hide-covered altar of Uskayaw.
   525 | D        | Found a white marble altar of Elyvilon.
   525 | D        | Found a burning altar of Makhleb.
   525 | D        | Found a glowing golden altar of the Shining One.
   525 | D        | Found a glowing silver altar of Zin.
   525 | D        | Found a radiant altar of Vehumet.
   538 | D        | Found a blossoming altar of Fedhas.
   538 | D        | Found an opulent altar of Gozag.
   538 | D        | Found a sparkling altar of Nemelex Xobeh.
   538 | D        | Found an iron altar of Okawaru.
   544 | D        | Became a worshipper of Dithmenos the Shadowed
   561 | D        | Noticed a yaktaur
   561 | D        | Noticed a polar bear
   562 | D        | Noticed a polar bear
   562 | D        | Noticed a polar bear
   571 | D        | Slain by a polar bear

Illustrated notes

Levels and vault maps discovered:
D:        the_violet_keep_of_menkaure [sprint2_stairs_cluster_1,
          sprint2_shoproom, sprint2_temple, sprint2_basic_supplies,
          sprint2_obstacle_5, sprint2_obstacle_4, sprint2_obstacle_1,
          sprint2_obstacle_7, sprint2_obstacle_2, sprint2_timed_cluster_1,
          sprint2_smallroom_cluster_1, sprint2_smallroom_final_cluster_1,
          sprint2_transparent_cluster_1, sprint2_second_timed_cluster_1,
          sprint2_sniper_area_1, sprint2_heavy_combat_area_1,
          sprint2_mutation_trap_area_1, sprint2_forest_area_1,
          sprint2_light_combat_area_1, sprint2_behind_water_1,
          sprint2_near_end_vault_1]

Skill      XL: |  1  2  3  4  5  6  7  8 |
---------------+-------------------------+-----
Short Blades   | 3 4 5 6 7 9 10 | 10.0
Stealth        | 8 10 11 14 15 17 | 17.0
Spellcasting   | 4 5 6 7 8 11 12 | 12.0
Hexes          | 5 6 8 9 10 13 | 13.9
Dodging        | |  2.6

Action                   |  1- 3 |  4- 6 |  7- 9 || total
-------------------------+-------+-------+-------++-------
Melee: Dagger            |     3 |     8 |    10 ||    21
       Staff             |       |       |     6 ||     6
 Cast: Confusing Touch   |       |       |     2 ||     2
       Passwall          |       |       |     2 ||     2
  Use: Potion            |     3 |       |     1 ||     4
 Stab: Sleeping          |     2 |     7 |     4 ||    13
       Invisible         |     1 |     1 |       ||     2
       Confused          |       |       |     1 ||     1
Armor: Robe              |       |       |     3 ||     3
Dodge: Dodged            |     1 |       |    16 ||    17
